 Dungeon Crawl Stone Soup version 0.29.1-15-g9cfb28693d (webtiles) character file.

Game seed: 1856168617177833454

157 McKennaii the Gusty (level 4, -2/49 HPs)
             Began as a Demigod Air Elementalist on Feb 28, 2023.
             Killed from afar by Ijyb (6 damage)
             ... with a puff of flame
             ... on level 3 of the Dungeon.
             The game lasted 00:03:12 (3408 turns).

McKennaii the Gusty (Demigod Air Elementalist)      Turns: 3408, Time: 00:03:12

Health: -2/49      AC: 22    Str:  9    XL:     4   Next: 93%
Magic:  0/10       EV:  2    Int: 21    God:
Gold:   113        SH:  0    Dex: 14    Spells: 7/8 levels left

rFire   . . .      SeeInvis +   (no weapon)
rCold   . . .      Faith    .   (no shield)
rNeg    . . .      Spirit   .   (body armour currently unavailable)
rPois   +          Reflect  .   (helmet currently unavailable)
rElec   .          Harm     .   (cloak currently unavailable)
rCorr   .          Rampage  .   (gloves currently unavailable)
Will    .....      NoTele   +   (boots currently unavailable)
Stlth   ++........              (no amulet)
HPRegen 0.16/turn               k - ring of see invisible
MPRegen 0.12/turn               (no ring)

@: tree-form, attractive
A: stationary, stasis, torment immunity, boosted hp, high MP 1, forlorn, divine
attributes
a: no special abilities


You were on level 3 of the Dungeon.
You were a tree.
You visited 1 branch of the dungeon, and saw 3 of its levels.

You collected 113 gold pieces.

Inventory:

Armour
 a - a +0 robe (melded)
Jewellery
 c - a ring of ice
 k - a ring of see invisible (left branch)
Scrolls
 d - a scroll of vulnerability {unknown}
 e - a scroll of fear {unknown}
 f - a scroll of poison {unknown}
 g - 3 scrolls of identify {unknown}
 i - a scroll of blinking {unknown}
 j - a scroll of silence {unknown}
 m - 2 scrolls of teleportation {unknown}
 o - 2 scrolls of fog {unknown}
 p - 2 scrolls of brand weapon {unknown}
 q - 2 scrolls of magic mapping {unknown}
 s - a scroll of noise {unknown}
 t - 2 scrolls of amnesia {unknown}
 u - a scroll of enchant armour {unknown}
Potions
 b - a potion of magic
 h - a potion of curing
 r - a potion of haste


   Skills:
 - Level 1.7 Dodging
 - Level 1.7 Stealth
 + Level 2.7 Spellcasting
 + Level 2.3 Conjurations
 * Level 4.1 Air Magic


You had 7 spell levels left.
You knew the following spells:

 Your Spells              Type           Power      Damage    Failure   Level
a - Shock                 Conj/Air       64%        1d7       3%          1

Your spell library contained the following spells:

 Spells                   Type           Power      Damage    Failure   Level
 Static Discharge         Conj/Air       16%        3-5/arc   5%          2
 Swiftness                Air            20%        N/A       8%          3
 Slow                     Hex            8%         N/A       14%         1
 Airstrike                Air            10%        2d(2-18)  24%         4
 Confusing Touch          Hex            2%         N/A       38%         3
 Vampiric Draining        Necr           2%         2d6       38%         3


Dungeon Overview and Level Annotations

Branches:
Dungeon (3/15)

Annotations:
D:3 Grinder, Ijyb, Sigmund


Innate Abilities, Weirdness & Mutations

You are a tree.
Your roots penetrate the ground, keeping you stationary.
You cannot be teleported.
You are immune to unholy pain and torment.
Your maximum health is greatly increased.
Your equipment is partially melded.
You have an increased reservoir of magic. (+10% MP)
You shall have no god before yourself.
Your divine heritage dramatically boosts your attributes as you level up.


Message History

The zap hits Ijyb.
Ijyb is heavily wounded.
The zap hits Ijyb.
Ijyb is severely wounded.
The zap hits you.
* * * LOW HITPOINT WARNING * * *
Ijyb hits you but does no damage.
Ijyb hits you with a +0 dagger of speed.
* * * LOW HITPOINT WARNING * * *
Unknown command.
Casting: Shock (safe; 3% risk of failure)
Confirm with . or Enter, or press ? or * to list all spells.
Aiming: Shock (safe; 3% risk of failure)
Press: ? - help, Shift-Dir - straight line That beam is likely to hit you.
Continue anyway?
The zap hits Ijyb.
Ijyb is severely wounded.
The zap hits Ijyb.
Ijyb is almost dead.
The zap hits you.
* * * LOW HITPOINT WARNING * * *
Ijyb barely misses you.
Unknown command.
Unknown command.
Casting: Shock (safe; 3% risk of failure)
Confirm with . or Enter, or press ? or * to list all spells.
Aiming: Shock (safe; 3% risk of failure)
Press: ? - help, Shift-Dir - straight line The zap misses Ijyb.
Ijyb hits you but does no damage. Ijyb completely misses you.
Unknown command.
Unknown command.
Casting: Shock (safe; 3% risk of failure)
Confirm with . or Enter, or press ? or * to list all spells.
Aiming: Shock (safe; 3% risk of failure)
Press: ? - help, Shift-Dir - straight line The zap hits Ijyb but does no damage.
Ijyb is almost dead.
Ijyb zaps a wand.
The puff of flame hits you.
You die...

###.##.###.....).#.....
#>..........)..........
##...........#...#.....
#..##.#..#.##.........
##.<#.#....##.........
#..#.............####
##.#...####.####.#
####.########. #.####
#.....♣....... ###.....
#...##.g########
#....... #..#
##........ #....... ..
##....... #.......
....... #######.
#...... #. ...... #.
g..... ## ......


You could see Ijyb.

Vanquished Creatures
  Natasha (thrice) (D:2)
  2 adders (D:2)
  A worm (D:2)
  2 dart slugs
  3 orcs (D:3)
  5 endoplasms
  3 giant cockroaches
  5 goblins
  6 hobgoblins
  6 kobolds
  2 quokkas (D:1)
  6 ball pythons
  4 bats
  2 frilled lizards (D:3)
  3 rats
53 creatures vanquished.

Notes
Turn   | Place    | Note
-------+----------+-------------------------------------------
     0 | D:1      | McKennaii the Demigod Air Elementalist began the quest for
                  | the Orb.
     0 | D:1      | Reached XP level 1. HP: 14/14 MP: 5/5
   118 | D:1      | Reached skill level 1 in Conjurations
   528 | D:1      | Reached XP level 2. HP: 20/20 MP: 2/7
   658 | D:1      | Reached skill level 3 in Air Magic
  1301 | D:1      | Reached XP level 3. HP: 26/26 MP: 4/8
  2286 | D:2      | Noticed Natasha
  2297 | D:2      | Killed Natasha
  2298 | D:2      | Reached XP level 4. HP: 5/33 MP: 0/10
  2672 | D:2      | Noticed Natasha
  2685 | D:2      | Killed Natasha
  2842 | D:2      | Noticed Natasha
  2850 | D:2      | Killed Natasha
  2851 | D:2      | Reached skill level 4 in Air Magic
  3011 | D:3      | Noticed Sigmund
  3015 | D:3      | Noticed Grinder
  3200 | D:3      | Noticed a +0 spear
  3201 | D:3      | Noticed a +0 falchion
  3201 | D:3      | Noticed a +0 short sword
  3202 | D:3      | Noticed a +0 dagger
  3203 | D:3      | Noticed a +0 falchion
  3208 | D:3      | Noticed a +0 dagger
  3211 | D:3      | Noticed a +0 short sword
  3212 | D:3      | Noticed a +0 spear
  3392 | D:3      | Noticed Ijyb
  3408 | D:3      | Killed from afar by Ijyb

Illustrated notes

Levels and vault maps discovered:
D:1:      evilmike_arrival_rings, layout_basic
D:2:      layout_loops_ring, ebering_ecumenical_altar_hall, uniq_natasha
D:3:      layout_basic, nicolae_uskayaw_en_pointe,
          minmay_misc_feat_secret_circle, minmay_snake_closets, uniq_ijyb,
          uniq_grinder, uniq_sigmund

Skill      XL: |  1  2  3  4 |
---------------+-------------+-----
Conjurations   | 1 2 |  2.3
Spellcasting   | 2 |  2.7
Air Magic      | 3 4 |  4.1
Dodging        | |  1.7
Stealth        | |  1.7

Action                   |  1- 3 |  4- 6 || total
-------------------------+-------+-------++-------
Melee: Unarmed           |    15 |     1 ||    16
 Cast: Shock             |   104 |    49 ||   153
  Use: Potion            |       |     4 ||     4
Armor: Robe              |     7 |     3 ||    10
       Skin              |       |     5 ||     5
Dodge: Dodged            |    21 |    10 ||    31
